[Event "Czech Extraliga 2024-25"]
[Site "Czechia"]
[Date "2024.11.03"]
[Round "2.1"]
[White "Eljanov, Pavel"]
[Black "Delgerdalai, Bayarjavkhlan"]
[Result "1/2-1/2"]
[ECO "A14"]
[WhiteElo "2672"]
[BlackElo "2347"]
[Annotator "TA"]
[PlyCount "114"]
[EventDate "2024.09.12"]
[EventType "team-tourn"]
[EventCountry "CZE"]
[SourceTitle "playchess.com"]
[Source "ChessBase"]
[SourceQuality "1"]
[TimeControl "40/5400+30:1800+30"]

1. Nf3 Nf6 2. c4 e6 3. g3 d5 4. Bg2 Be7 5. O-O O-O 6. b3 c6 7. Bb2 Nbd7 8. d3 b6 {[%emt 0:06:36] [#]} 9. e4 $1 Bb7 10. e5 Ne8 11. Re1 {[%emt 0:01:29] White is slightly better.} Nc7 12. Nc3 Re8 13. h4 Nf8 14. Qe2 Qd7 15. h5 h6 $1 16. Nh2 Rad8 17. Rad1 Nh7 18. Ng4 Qc8 19. a3 b5 20. cxd5 cxd5 21. Rc1 Qd7 22. b4 {[%emt 0:03:10] [#]} a5 $1 23. bxa5 Ra8 24. Qd2 b4 25. Nb1 Rxa5 26. axb4 Ra4 27. Qd1 {[%emt 0:10:47][%cal Oc1c7] Black must now prevent Rxc7!} Rea8 28. f4 {[%emt 0:01:41] [#]} Nb5 $1 (28... Rxb4 29. Ba3 Rb6 30. Bxe7 Qxe7 31. d4) (28... Bxb4 29. Re3 $15) 29. Nd2 Rxb4 ({Much less strong is} 29... Bxb4 30. Re2 $15) 30. Ba1 Ra3 31. Nf2 Bd8 32. Rb1 Rxb1 33. Qxb1 Ba5 34. Rd1 Nc3 (34... Bc6 $5 35. Bb2 Nc3 36. Bxc3 Bxc3 $11) 35. Bxc3 Rxc3 36. Qb2 (36. Nc4 $5 dxc4 37. dxc4 $17) 36... Rc7 37. Rb1 Bc3 38. Qa2 Nf8 39. Nf3 Qe7 40. d4 Rc4 $2 (40... Bc6 $11 {and Black stays safe.}) 41. Qa7 $2 ({Only move:} 41. Bf1 $18) 41... Rb4 $11 42. Rc1 Rc4 {[%emt 0:03:51][%cal Oc3d4] And now ...Bxd4! would win.} 43. Nd3 Qc7 44. Kh2 {[%emt 0:09:38] aiming for Nc5.} Bc8 45. Qa8 Bb7 ({Don't play} 45... Bxd4 $6 46. Nxd4 Rxc1 47. Nxc1 Qxc1 48. Nc6 $16) 46. Qa3 Qa5 47. Qe7 Qc7 (47... Bc8 $15) 48. Qd6 Rc6 49. Qa3 Qa5 {[%emt 0:01:06] Against Nc5} 50. Qb3 {[%emt 0:00:24][%cal Od3c5] Strongly threatening Nc5!} (50. Qxa5 {simplifies} Bxa5 51. Ra1 Bc3 52. Ra3) 50... Ba6 51. Bf1 (51. Nb4 $5 Rb6 $8 52. Qxc3 Qxb4 53. Qxb4 Rxb4 54. Bf1 $11) 51... Qc7 52. Nc5 Bxf1 {[%emt 0:00:32] The position is equal.} 53. Qxc3 Be2 54. Qe3 Bxf3 55. Qxf3 Nd7 56. Ra1 Qc8 {[%emt 0:00:55] Prevents Ra8} 57. Nxd7 Qxd7 {[%emt 0:00:05] Weighted Error Value: White=0.14 (very precise) /Black=0.17 (very precise) .  Loses game:     	---       	Black=1      Missed win:     	White=1     	---        Mistake:       	---       	Black=1      Inaccurate:     	White=5     	Black=3      OK:         	White=13    	Black=21     Best:        	White=1     	---        Strong:       	---       	Black=2} 1/2-1/2

[Event "Czech Extraliga 2024-25"]
[Site "Czechia"]
[Date "2024.11.03"]
[Round "2.1"]
[White "Ivanchuk, Vasyl"]
[Black "Navara, David"]
[Result "1/2-1/2"]
[ECO "D38"]
[WhiteElo "2640"]
[BlackElo "2674"]
[Annotator "TA"]
[PlyCount "82"]
[EventDate "2024.09.12"]
[EventType "team-tourn"]
[EventCountry "CZE"]
[SourceTitle "playchess.com"]
[Source "ChessBase"]
[SourceQuality "1"]
[TimeControl "40/5400+30:1800+30"]

1. d4 Nf6 2. c4 e6 3. Nf3 d5 4. Nc3 Bb4 5. Bg5 h6 6. Bxf6 Qxf6 7. Qb3 c5 8. cxd5 exd5 9. e3 O-O 10. dxc5 Bxc3+ 11. Qxc3 Qxc3+ 12. bxc3 {[%emt 0:00:03] The position is equal.} Nd7 13. Rd1 Nf6 14. Nd4 Bd7 15. f3 Rfc8 16. Nb3 Ba4 17. Rd4 Bxb3 18. axb3 Rxc5 19. Kd2 Ra5 20. Bd3 Ra2+ 21. Bc2 Rc8 22. Ra4 Rxa4 23. bxa4 $11 {[%emt 0:00:01][%mdl 4096] Endgame. KRB-KRN} Rc5 24. Rb1 b6 25. Rb4 Kf8 26. Bb3 Ne8 27. Rd4 Nc7 28. g4 g5 29. h3 Ke7 30. c4 dxc4 31. Bxc4 b5 32. Re4+ Kf8 33. axb5 Nxb5 34. Bxb5 Rxb5 {[%emt 0:00:09] KR-KR} 35. Rc4 Rb2+ 36. Kd3 Rh2 37. Ra4 Rxh3 38. Ke2 h5 39. gxh5 Rxh5 40. Rxa7 Rh2+ 41. Kf1 Kg7 {[%emt 0:30:04] An uneventful encounter.   Weighted Error Value: White=0.01 (flawless) /Black=0.00 (flawless) .  OK:         	White=10    	Black=23     Best:        	White=1     	---} 1/2-1/2

[Event "Czech Extraliga 2024-25"]
[Site "Czechia"]
[Date "2024.11.03"]
[Round "2.1"]
[White "Rodshtein, Maxim"]
[Black "Ter-Sahakyan, Samvel"]
[Result "1/2-1/2"]
[ECO "D77"]
[WhiteElo "2636"]
[BlackElo "2608"]
[Annotator "TA"]
[PlyCount "126"]
[EventDate "2024.09.12"]
[EventType "team-tourn"]
[EventCountry "CZE"]
[SourceTitle "playchess.com"]
[Source "ChessBase"]
[SourceQuality "1"]
[TimeControl "40/5400+30:1800+30"]

1. Nf3 d5 2. g3 g6 3. Bg2 Bg7 4. d4 Nf6 5. O-O O-O 6. c4 dxc4 7. Na3 c3 8. bxc3 c5 9. Bb2 {[%emt 0:02:24] D77: Fianchetto Grünfeld: 6 0-0: Replies other than 6...c6.} Nc6 10. Re1 $1 {[%emt 0:00:41] The main line 10.Re1 scores better than 10.e3.} Qb6 11. Nc4 Qb5 12. Qb3 Qa6 13. Ne3 Rd8 $146 ({Predecessor:} 13... Be6 14. Qa3 Qxa3 15. Bxa3 Rfd8 16. Ng5 cxd4 17. Nxe6 fxe6 18. cxd4 Rxd4 19. Rab1 Rd7 20. Rxb7 Rxb7 21. Bxc6 {½-½ Theodorou,N (2566)-Sorokin,A (2521) Las Vegas National op 2021 (4)}) 14. Ng5 e6 15. dxc5 Bd7 16. c4 b6 17. cxb6 axb6 18. Red1 Be8 19. Rxd8 Rxd8 20. Bc3 Nd4 21. Qb2 e5 22. a4 h6 23. Ne4 Nxe4 24. Bxe4 Kh7 25. Kf1 Bd7 26. h4 h5 27. Bd5 Qa7 28. Nc2 (28. Bxf7 $2 Bh3+ (28... Bxa4 $2 29. Bd5 $18) 29. Kg1 Qxf7 $19) (28. a5 $16 b5 29. a6 (29. Bxf7 $2 Bh3+ 30. Kg1 Qxf7 $19)) 28... Bh3+ $11 29. Ke1 Be6 30. Nxd4 exd4 31. Bxd4 Qa5+ ({Black should try} 31... Bxd5 $11 32. Bxg7 (32. cxd5 Qa5+ 33. Kf1 Qxd5 $11) 32... Bxc4) 32. Kf1 $14 Bxd4 33. Qxd4 Bxd5 34. Kg1 (34. cxd5 {simplifies} Qxd5 35. Qxd5 Rxd5 36. Rc1) 34... Rd7 (34... Qb4 35. Rd1 Qxa4 36. cxd5 $16) 35. cxd5 Rxd5 36. Qc4 Qc5 37. Qb3 Rf5 38. e3 Qc6 39. Rb1 Qf3 40. Qb2 (40. Qxb6 Qxf2+ 41. Kh1 Qf3+ (41... Qxg3 42. Qb2 $19) 42. Kh2 Qe2+ 43. Kg1 Rf3 (43... Qf2+ $2 44. Kh1 $19) 44. Qc7 Qxe3+ (44... Qf2+ $2 45. Kh1 $19) 45. Kh1 Rf2 (45... Rxg3 46. Qxf7+ Kh6 47. Qf8+ Kh7 48. Rb7+) (45... Qe4 $2 46. Qb7 $19) (45... Rxg3 46. Qxf7+ Kh6 47. Qf8+ Kh7 48. Rb7+) (45... Qe4 46. Qb7 Rf1+ 47. Kh2 Qc2+ 48. Qg2 Qxb1 49. a5 Qe1 50. a6 Rf2 51. a7 Rxg2+ 52. Kxg2 Qe2+ 53. Kg1 Qf3 54. Kh2 Qf2+ 55. Kh1 Qxa7 56. Kg2 Qe3 57. Kf1 Kg7 58. Kg2 Qd2+ 59. Kh1 Qf2 60. g4 hxg4 61. h5 g3 62. h6+ Kf6 63. h7 Qh2#)) 40... Rf6 41. Qd2 Qc6 42. Qb2 (42. Rb4 $16) 42... Rd6 (42... Qf3 $1 $11 {keeps the balance.}) 43. Qb3 $16 Qf3 44. Qb4 Rc6 45. Qd2 Qf5 46. Rb5 Qc8 47. Qd5 Rc1+ 48. Kg2 Qc4 49. Qxc4 Rxc4 50. Rxb6 Rxa4 51. Kf3 Kg7 52. e4 Ra3+ 53. Kf4 Ra2 54. f3 Ra4 55. Rb3 Ra2 56. Rd3 Re2 57. e5 Ra2 58. Rd4 Re2 59. Rd8 Re1 60. Rd7 Re2 61. g4 (61. Rd4 $14) 61... hxg4 $11 62. fxg4 Re1 63. g5 Kf8 1/2-1/2

[Event "Czech Extraliga 2024-25"]
[Site "Czechia"]
[Date "2024.11.03"]
[Round "2.1"]
[White "Teclaf, Pawel"]
[Black "Pechac, Jergus"]
[Result "1/2-1/2"]
[ECO "C67"]
[WhiteElo "2568"]
[BlackElo "2598"]
[Annotator "TA"]
[PlyCount "29"]
[EventDate "2024.09.12"]
[EventType "team-tourn"]
[EventCountry "CZE"]
[SourceTitle "playchess.com"]
[Source "ChessBase"]
[SourceQuality "1"]
[TimeControl "40/5400+30:1800+30"]

1. e4 e5 2. Nf3 Nc6 3. Bb5 Nf6 4. O-O Nxe4 5. Re1 Nd6 6. Nxe5 Be7 7. Bf1 Nxe5 8. Rxe5 O-O 9. d4 Bf6 10. Re1 Re8 11. c3 Rxe1 12. Qxe1 Qe7 13. Qxe7 Bxe7 14. Bf4 g5 15. Bg3 {[%emt 0:01:29] A rather calm draw.   Weighted Error Value: White=0.01 (flawless) /Black=0.02 (flawless) .  OK:         	White=3     	Black=1} 1/2-1/2

[Event "Czech Extraliga 2024-25"]
[Site "Czechia"]
[Date "2024.11.03"]
[Round "2.1"]
[White "Svanda, Ondrej"]
[Black "Saric, Ivan"]
[Result "0-1"]
[ECO "B80"]
[WhiteElo "2391"]
[BlackElo "2668"]
[Annotator "TA"]
[PlyCount "84"]
[EventDate "2024.09.12"]
[EventType "team-tourn"]
[EventCountry "CZE"]
[SourceTitle "playchess.com"]
[Source "ChessBase"]
[SourceQuality "1"]
[TimeControl "40/5400+30:1800+30"]

1. e4 c5 2. Nf3 d6 3. d4 cxd4 4. Nxd4 Nf6 5. Nc3 a6 6. Be3 e6 7. a3 Nc6 8. Be2 Be7 9. g4 {[%emt 0:13:13] White has an edge.} Nxd4 10. Qxd4 e5 11. Qd1 h6 12. Rg1 Be6 13. Qd2 Rc8 14. O-O-O Qa5 15. Kb1 Rxc3 16. Qxc3 Qxc3 17. bxc3 Nxe4 18. Kb2 d5 (18... Kd7 $11) 19. Bf3 $1 $14 b5 20. Bxe4 (20. a4 $1 $16) 20... dxe4 $11 21. Ra1 O-O 22. a4 b4 23. cxb4 Bxb4 24. a5 Rc8 {[%emt 0:09:33] Hoping for ...Bc3+.} 25. Ra4 Rc4 26. Kb1 (26. Rb1 $14 {should be considered.}) 26... Bd7 27. Ra2 Bc3 {[%emt 0:01:31] Threatens to win with ...Rb4+.} 28. Kc1 Be6 {[%emt 0:03:33] White must now prevent ...Rb4. This pair of bishops is nice.} 29. Ra3 $1 Bb4 30. Ra2 Kh7 31. h4 {[%emt 0:03:12] [#]} h5 $1 $36 {[%emt 0:07:25][%mdl 2048] White is under pressure.} 32. g5 Kg6 33. Rd1 f5 {[%emt 0:08:35] Strongly threatening ...f4.} 34. gxf6 gxf6 35. Rd8 {[%emt 0:01:07] [#]} (35. Ra1 $15) 35... f5 $1 $17 36. Bd2 {[%emt 0:01:30] [#] Bxb4 is the strong threat.} Bc5 {[%emt 0:04:23] Black is more active.} 37. Ra8 {[%emt 0:02:55] This move loses the game for White.} (37. Be3 $17 Bb4 38. Bd2) 37... Bxf2 $19 38. Rxa6 Kf7 39. Bg5 (39. Rb2 e3 (39... Bxh4 $2 {loses.} 40. Rbb6 $18) 40. Rb7+ Kf6 41. Rb8 (41. Bb4 $2 Rxb4 42. Rxb4 e2 $19) 41... exd2+ 42. Kxd2) 39... Rc7 (39... f4 $2 40. Rb2 Rc7 41. Rb4 $17) 40. Ra3 f4 {[%emt 0:00:30] And now ...e3 would win.} 41. Rxe6 $2 (41. Ra4 f3 (41... e3 42. Re4 $11) 42. Rxe4) 41... Kxe6 42. a6 Rd7 {[%emt 0:01:34] Weighted Error Value: White=0.37/Black=0.05 (flawless) .  Mistake:       	White=6     	Black=1      Inaccurate:     	---       	Black=2      OK:         	White=12    	Black=17     Best:        	White=2     	Black=1      Strong:       	White=2     	Black=1} 0-1

[Event "Czech Extraliga 2024-25"]
[Site "Czechia"]
[Date "2024.11.03"]
[Round "2.1"]
[White "Stinka, Jakub"]
[Black "Gumularz, Szymon"]
[Result "1/2-1/2"]
[ECO "A65"]
[WhiteElo "2355"]
[BlackElo "2579"]
[Annotator "TA"]
[PlyCount "98"]
[EventDate "2024.09.12"]
[EventType "team-tourn"]
[EventCountry "CZE"]
[SourceTitle "playchess.com"]
[Source "ChessBase"]
[SourceQuality "1"]
[TimeControl "40/5400+30:1800+30"]

1. d4 e6 2. c4 c5 3. d5 exd5 4. cxd5 d6 5. Nc3 g6 6. e4 Bg7 7. Bd3 Nf6 8. h3 $1 {[%emt 0:01:50][%mdl 4] now scores much better than the old 8.Nge2. A65: Modern Benoni: 6 e4.} a6 9. a4 Nfd7 10. Nf3 Ne5 11. Nxe5 Bxe5 12. O-O Nd7 $146 ({Predecessor:} 12... Qh4 13. f4 Bd4+ 14. Kh2 Nd7 15. Qe1 Qh6 16. Be3 Ne5 17. fxe5 Bxe3 18. Qg3 Bd4 19. exd6 {1-0 Lebeau,G (2015)-Cloutier,M (2072) Montreal Mercredi 04 2014 (2)}) 13. Bh6 g5 14. h4 gxh4 15. f4 Bd4+ 16. Kh1 Rg8 (16... h3 $11 17. g3 (17. gxh3 $2 Qh4 $19) 17... Rg8) 17. e5 $1 $16 h3 18. g3 (18. gxh3 $2 Qh4 (18... dxe5 $2 19. Bg5 $18) 19. Qd2 Nxe5 $19 (19... Qxh6 $2 20. Bf5 $19) (19... dxe5 $2 20. Bxh7 Rh8 21. Bf5 $19) (19... Qxh3+ $2 20. Qh2 $19)) (18. g4 $16) 18... dxe5 $14 19. Ne4 $1 (19. Bxh7 Rxg3 20. Ne4 Nf6 21. fxe5 Qxd5 (21... Nxh7 $2 22. Nd6+ $18) (21... Nxe4 22. Bxe4 Qh4 23. Bf4 $11) 22. Rxf6 (22. exf6 h2 $15) 22... Bg4 $11) 19... Rg6 (19... Nb6 $14) 20. Bg5 $16 Qb6 21. Rb1 $1 c4 22. Bxc4 (22. Bc2 $1 $18 {Black must now prevent fxe5.} Nc5 23. Nd2 (23. a5 Qc7 $16)) 22... Nc5 $16 23. Nxc5 (23. a5 Qb4 24. Bd3 Nxd3 25. Qxd3 Bf5 $11) 23... Qxc5 (23... Bxc5 $16 24. Bh4 exf4 (24... Bg4 25. Be2 $16)) 24. Rc1 $18 Qd6 25. Qf3 $1 f6 {[%emt 0:09:05] [#]} 26. Rce1 ({Much worse is} 26. fxe5 $6 Bxe5 27. Bf4 Bxf4 28. Qxf4 Qxf4 29. Rxf4 Bd7 $11) (26. Bd3 $1 $16 Rg7 (26... fxg5 $2 27. fxe5 Bxe5 28. Bxg6+ Kd8 29. Bh5 $18) 27. Rce1) 26... Kd8 $1 $14 (26... fxg5 $2 {is the wrong capture.} 27. fxe5 Bxe5 28. Rxe5+ Kd8 (28... Qxe5 29. Qf8+ Kd7 30. Rf7+) 29. Re2 $18) 27. fxe5 (27. Bd3 {is interesting.} fxg5 28. Bxg6 hxg6 29. fxe5 Bxe5 30. Qe4) 27... Bxe5 28. Rxe5 Qxe5 29. Bxf6+ Rxf6 30. Qxf6+ Qxf6 31. Rxf6 b5 32. axb5 axb5 33. Bxb5 Ke7 ({Better is} 33... Ra5 $11 34. Bc4 Ke7) 34. Rf2 ({White should play} 34. Rb6 $1 $14 Ra1+ 35. Kh2) 34... Kd6 35. Bc4 Ra4 36. b3 Ra1+ 37. Kh2 Rb1 38. Rd2 Bg4 39. Rf2 h5 40. Bf1 Rxb3 41. Rd2 Rb4 42. Bxh3 Bxh3 43. Kxh3 Rc4 44. Rd1 Rb4 45. Rf1 Kxd5 46. Rf5+ Ke6 47. Rxh5 Kf6 48. Ra5 Kg6 49. g4 Rb1 1/2-1/2

[Event "Czech Extraliga 2024-25"]
[Site "Czechia"]
[Date "2024.11.03"]
[Round "2.2"]
[White "Nguyen, Thai Dai Van"]
[Black "Korobov, Anton"]
[Result "1/2-1/2"]
[ECO "B62"]
[WhiteElo "2670"]
[BlackElo "2636"]
[Annotator "TA"]
[PlyCount "136"]
[EventDate "2024.09.12"]
[EventType "team-tourn"]
[EventCountry "CZE"]
[SourceTitle "playchess.com"]
[Source "ChessBase"]
[SourceQuality "1"]
[TimeControl "40/5400+30:1800+30"]

1. e4 c5 2. Nf3 d6 3. d4 cxd4 4. Nxd4 Nf6 5. Nc3 Nc6 6. Bg5 e6 7. Qd3 Bd7 8. Ndb5 Nb4 $1 9. Qd1 a6 10. Bxf6 gxf6 11. a3 $1 axb5 12. axb4 Rxa1 13. Qxa1 d5 14. exd5 (14. Bxb5 Bxb5 15. Nxb5 dxe4 $11) 14... Bxb4 15. Bd3 exd5 16. O-O Bxc3 17. bxc3 {[%emt 0:00:02] Qa3 would now be deadly.} O-O 18. Qa3 {[%emt 0:00:40][%mdl 1024] White has compensation.} Re8 19. Qd6 Kg7 (19... h6 $14) 20. Qg3+ $1 $16 (20. Qxd5 Qc7 $11) 20... Kh8 21. Qh4 f5 22. Qd4+ Kg8 23. Qxd5 {[%emt 0:09:49] White is more active.} Qc7 24. Bxb5 Be6 25. Qf3 Rd8 26. Bd3 Qxc3 27. Qxb7 (27. Bxf5 $2 Qxf3 28. gxf3 Bxf5 $19) 27... Qf6 28. Rb1 h6 29. Qc7 Kh7 30. h3 Rc8 31. Qf4 Kg7 32. Rb5 Qg5 33. Qe5+ Qf6 34. Qf4 (34. Bxf5 $6 Qxe5 35. Rxe5 Bxf5 $14) 34... Qg5 35. Qf3 Bd7 36. Rb6 (36. Bxf5 $6 Bxb5 37. Bxc8 Qc1+ 38. Kh2 Qxc2 $14) 36... Re8 37. Rb1 Re5 38. Kh2 Rc5 39. Rb6 {[%emt 0:02:31] Wards off Bc6} Be6 40. Rb5 Rxb5 41. Bxb5 {[%emt 0:30:09][%mdl 4096] Endgame. KQB-KQB} f4 42. Qc3+ Qf6 43. Qc5 Qg5 (43... Qf5 $142 44. Qxf5 Bxf5) 44. Qd4+ ({White must play} 44. Qxg5+ $1 $18 hxg5 45. Ba6) 44... Qf6 45. Qc5 (45. c3 $16) 45... Qg5 $1 $18 {[%emt 0:00:00] [#]} 46. Qd4+ (46. Qxg5+ $1 $18 hxg5 47. g3 fxg3+ 48. fxg3 (48. Kxg3 Kf6 $16)) 46... Qf6 $16 47. Qd6 Bf5 48. Qc5 (48. Qxf4 Bxc2 49. Qxf6+ Kxf6 $14) 48... f3 {[%emt 0:00:00] [#]} (48... Be6 $16 49. Bf1 Qg5) 49. g3 $1 $18 (49. gxf3 Bxc2 50. Qxc2 Qe5+ 51. Kg2 Qg5+ 52. Kh1 Qxb5 $11) 49... Qe6 50. Qc3+ Kg8 51. Bc4 (51. Qxf3 Bxc2 52. Bf1 Qd6 $11) 51... Qd7 52. Bd3 (52. Qxf3 $6 Bxc2 53. Qg4+ Qxg4 54. hxg4 Bd1 $11) 52... Bxh3 {[%emt 0:00:17] aiming for ...Bg2.} 53. Qf6 Be6 54. Qxh6 {[%emt 0:01:26] Hoping for Bh7+.} Qd4 55. Bh7+ (55. Qe3 $16 Qh8+ (55... Qxe3 $2 56. fxe3 Kf8 57. Kg1 $18) 56. Kg1) 55... Kh8 $14 56. Bd3+ (56. Bf5+ $14 Kg8 57. Bh7+ (57. Bxe6 Qxf2+ 58. Kh3 fxe6 $11) 57... Kh8 58. Bf5+ Kg8 59. Bh7+ (59. Bxe6 Qxf2+ 60. Kh3 fxe6 $11)) 56... Kg8 $16 57. Qe3 Qh8+ (57... Qxe3 58. fxe3 Bd5 (58... f2 $2 59. Kg2 $18) 59. Kg1 $16) 58. Kg1 Qa1+ 59. Kh2 Qh8+ 60. Kg1 Qa1+ $1 61. Bf1 Qd1 62. Qd3 (62. c4 $16) 62... Qc1 $14 63. Qd8+ Kg7 64. Qd4+ Kg8 65. Qd8+ (65. Qf4 $1 $14 Qxc2 66. Qxf3) 65... Kg7 $11 66. Qd4+ ({Better is} 66. Qh4 $11) 66... Kg8 $14 67. Qe3 (67. Qf4 $1 $14 Qxc2 68. Qxf3) 67... Qxc2 ({Black should try} 67... Qd1 $1 $11) 68. Qxf3 Qb1 {[%emt 0:00:59] Weighted Error Value: White=0.27 (precise) /Black=0.10 (very precise) .  Mistake:       	White=9     	Black=4      Inaccurate:     	White=1     	Black=2      OK:         	White=25    	Black=18     Best:        	White=8     	Black=13     Strong:       	White=3     	Black=3} 1/2-1/2

[Event "Czech Extraliga 2024-25"]
[Site "Czechia"]
[Date "2024.11.03"]
[Round "2.2"]
[White "L'Ami, Erwin"]
[Black "Havelka, Josef"]
[Result "1-0"]
[ECO "B30"]
[WhiteElo "2614"]
[BlackElo "2365"]
[Annotator "TA"]
[PlyCount "131"]
[EventDate "2024.09.12"]
[EventType "team-tourn"]
[EventCountry "CZE"]
[SourceTitle "playchess.com"]
[Source "ChessBase"]
[SourceQuality "1"]
[TimeControl "40/5400+30:1800+30"]

1. e4 c5 2. Nf3 Nc6 3. Bb5 e6 4. O-O Nge7 5. Re1 a6 6. Bf1 d5 7. exd5 Nxd5 8. d4 Nf6 9. dxc5 Qxd1 10. Rxd1 Bxc5 11. Nbd2 {[%emt 0:00:11] The position is equal.} O-O 12. Nb3 Ba7 13. Bf4 Ne4 14. Be3 Bxe3 15. fxe3 e5 16. Bc4 Nf6 17. c3 e4 18. Nfd4 Ne5 19. Bf1 Bg4 20. Rd2 Rac8 21. h3 Bd7 22. Rad1 Rc7 23. Rf2 Rd8 24. Nf5 Kf8 25. Rd6 {[%emt 0:02:43][%cal Of5g7] next Nxg7! is good for White.} Rc6 26. Rd4 Rc7 $1 27. Na5 Rb8 28. Nd6 b6 29. Nb3 Nc6 30. Rd1 Be6 (30... Ne5 $1 $11) 31. Bxa6 $14 Ra8 32. Bb5 Rxa2 33. Nd4 Nxd4 34. Rxd4 Rc5 35. Bc4 Bxc4 36. Nxc4 b5 37. Nd6 Re5 38. Rb4 Ra5 (38... Ra1+ $11 {keeps the balance.} 39. Kh2 Rd1 40. Rxb5 (40. Nxb5 Nd5 $11) 40... Rxb5 41. Nxb5 Re1) 39. Kh2 {[%emt 0:02:30] White is more active.} Ke7 40. Nf5+ Kf8 41. Nd4 Rd5 42. Rf5 Ke8 43. g4 (43. Rxb5 Raxb5 44. Nxb5 Rd3 $14) 43... Kd7 44. Kg3 (44. Nxb5 Rxf5 45. gxf5 Nd5 $11) 44... Rxf5 45. Nxf5 $16 {[%emt 0:00:00][%mdl 4096] Endgame. KRN-KRN} (45. gxf5 Nd5 46. Rxb5 Rxb5 47. Nxb5 Nxe3 $11) 45... g6 46. Rd4+ (46. Nh6 $16) 46... Ke6 $14 47. Nd6 Ra2 48. Rd2 $1 (48. Nxe4 Rxb2 49. Rd6+ Ke5 50. Rxf6 Kxe4) 48... Nd5 (48... h5 $1 $14) 49. Nxb5 (49. Nxe4 $16 {And now Ng5+ would win.} Nb6 (49... Nxe3 $2 {loses.} 50. Ng5+ Kf6 51. Kf4 $18) 50. Ng5+ Ke7 51. Rf2 (51. Nxh7 Nc4 $11)) 49... f5 $2 {[%emt 0:01:10] This costs Black the game.} (49... Nxe3 $11 {and Black stays safe.} 50. Re2 Nc4) 50. gxf5+ $18 gxf5 51. Nd4+ Kf6 52. Nxf5 Nxc3 (52... Ke5 $142 53. Rf2 Ra6) 53. Kf4 {[%emt 0:01:02] [#] Threatens to win with Rd6+.} Na4 $2 (53... Nb5 54. Rc2 (54. Kxe4 Ra4+ 55. Nd4 h5 $18) 54... Ra6) 54. Rd6+ (54. Kxe4 Nc5+ 55. Kd5 Na4 $16) 54... Kf7 55. Ra6 {[%emt 0:00:25] White is clearly winning.} ({Not} 55. Kxe4 Rxb2 56. Rc6 Rb4+ 57. Ke5 Rb5+ 58. Kf4 Ra5 $16) 55... Nc3 {[%emt 0:01:35] ...Ne2+ is the strong threat.} 56. Rxa2 Nxa2 57. Kxe4 {[%emt 0:00:12] KN-KN} Nb4 58. Nd4 Kf6 59. Nf3 h6 60. b3 Ke6 61. Ne1 Nd5 62. Kd4 {[%emt 0:00:11] [#] Nd3 would now be deadly.} Ne7 63. e4 {[%emt 0:00:58] Prevents Nf5+. Strongly threatening Nd3.} Nc6+ 64. Kc5 Na5 65. b4 Nb3+ 66. Kc4 {[%emt 0:00:17] Weighted Error Value: White=0.16 (very precise) /Black=0.27 (precise) .  Loses game:     	---       	Black=1      Mistake:       	White=2     	Black=5      Inaccurate:     	White=2     	Black=4      OK:         	White=24    	Black=17     Best:        	White=3     	Black=7      Strong:       	White=1     	Black=1} 1-0

[Event "Czech Extraliga 2024-25"]
[Site "Czechia"]
[Date "2024.11.03"]
[Round "2.2"]
[White "Movsesian, Sergei"]
[Black "Finek, Vaclav"]
[Result "1/2-1/2"]
[ECO "C43"]
[WhiteElo "2609"]
[BlackElo "2472"]
[Annotator "TA"]
[PlyCount "86"]
[EventDate "2024.09.12"]
[EventType "team-tourn"]
[EventCountry "CZE"]
[SourceTitle "playchess.com"]
[Source "ChessBase"]
[SourceQuality "1"]
[TimeControl "40/5400+30:1800+30"]

1. e4 e5 2. Nf3 Nf6 3. d4 Nxe4 4. Bd3 d5 5. Nxe5 Nd7 6. Nxd7 Bxd7 7. Nd2 Nxd2 8. Bxd2 Qf6 9. O-O Be6 (9... Qxd4 $5 10. Be3 Qb4 $11) 10. c3 Bd6 11. Qh5 h6 {[%emt 0:02:44] Inhibits Bg5.} 12. f4 O-O-O 13. f5 Bd7 14. b4 (14. Kh1 $11) 14... c6 (14... Bxb4 $15 15. Be1 Be7) 15. Kh1 Rde8 16. a4 Qd8 17. b5 (17. Qxf7 $2 Qh4 18. h3 (18. Qxg7 $2 Qxh2#) 18... Qg3 $19) 17... f6 (17... Qf6 $14 {should be considered.}) 18. Rfb1 {[%emt 0:05:02] White is more active.} Qc7 19. c4 dxc4 20. Bxc4 Re4 21. bxc6 ({Better is} 21. Be6 $16 {bxc6 is the strong threat.} Kd8 (21... Rxd4 22. bxc6 bxc6 23. Bc3 $16) 22. d5 Bxe6 23. dxe6 (23. fxe6 Re5 $16)) 21... Bxc6 $11 22. Be6+ Kb8 23. d5 Bxa4 24. Rc1 Rc4 25. Be3 $1 {[%emt 0:00:22] Threatens to win with Qe2.} a6 $1 26. Re1 Bb5 27. Bg1 Rc2 28. Qf3 Rd8 ({Black should try} 28... Bc5 $17) 29. h3 Bc5 30. Bh2 Bd6 31. Bg1 Rc3 (31... b6 $15) 32. Qg4 (32. Bb6 {is interesting.} Qc4 33. Re4 Qb3 34. Re3) 32... Be5 (32... Rc4 $15 {feels stronger.} 33. Qe2 b6) 33. Rxe5 fxe5 (33... Qxe5 $2 34. Bh2 $18 (34. Qxg7 Rg3 $15)) 34. Re1 Ka8 35. Qe4 Qd6 {[%emt 0:01:45] [#]} (35... Rd3 $11) 36. Bh2 $1 $16 {[%emt 0:01:01] This pair of bishops is nice.} Rc4 (36... Qe7 $16) 37. Qe3 $2 (37. Qxe5 $18 Qb4 38. Bg3 (38. d6 Rc5 $17)) 37... Qc5 $11 {[%emt 0:00:33] Hoping for ...Qxe3.} 38. Qxe5 {[%emt 0:00:39][%cal Oh2g1] Bg1! would now be deadly.} Qd4 39. Qg3 {[%emt 0:02:34][%mdl 1024] aiming for Bg1. White has compensation.} (39. d6 Qxe5 40. Bxe5 Rc2 $15) (39. Qxd4 {simplifies} Rxd4 40. Be5 R4xd5 41. Bxg7 Rd1 42. Rxd1 Rxd1+ 43. Kh2) 39... Rc3 $1 40. Qg6 (40. Qe5 $11 {remains equal.} Rc4 41. Bg3 (41. d6 Qxe5 42. Bxe5 Rc2 $15)) 40... Qf2 41. Rg1 Qd4 42. Re1 {[%emt 0:00:00] [#]} Qf2 (42... Be2 $1 $17 {[%cal Oc3h3] And now ...Rxh3! would win.} 43. Bg1 (43. Rxe2 $2 {is a self mate.} Rc1+) (43. d6 $2 Rxh3 44. f6 Rh5 $19) 43... Qd2 44. Rxe2 Qxe2 45. Qxg7 Rc2) 43. Rg1 Qd4 {[%emt 0:00:13] Weighted Error Value: White=0.23 (precise) /Black=0.30.  Mistake:       	White=4     	Black=8      Inaccurate:     	White=6     	Black=1      OK:         	White=11    	Black=14     Best:        	White=2     	Black=2      Strong:       	White=2     	Black=2} 1/2-1/2